 Dungeon Crawl Stone Soup version 0.22-a0-110-g5b255cf (webtiles) character file.

24 4thArraOfDagon the Firebug (level 3, 0/24 HPs)
             Began as a Barachi Fire Elementalist on Jan 27, 2018.
             Succumbed to an adder's poison
             ... on level 4 of the Dungeon.
             The game lasted 00:03:04 (381 turns).

4thArraOfDagon the Firebug (BaFE)                    Turns: 381, Time: 00:03:05

Health: 0/24       AC:  2    Str:  9    XL:     3   Next: 2%
Magic:  4/6        EV: 12    Int: 16    God:
Gold:   28         SH:  0    Dex: 12    Spells: 6/7 levels left

rFire    . . .     SeeInvis .   d - +0 long sword
rCold    . . .     Gourm    .   (no shield)
rNeg     . . .     Faith    .   a - +0 robe
rPois    .         Spirit   .   (no helmet)
rElec    .         Reflect  .   (no cloak)
rCorr    .         Harm     .   (no gloves)
MR       .....                  (no boots)
Stlth    ++........             (no amulet)
HPRegen  0.08/turn              (no ring)
MPRegen  0.10/turn              (no ring)

@: lethally poisoned (0 -> -2), slow
A: +LOS, swims, slowness 1, strong legs 1
a: Hop


You were on level 4 of the Dungeon.
You were not hungry.

You visited 1 branch of the dungeon, and saw 4 of its levels.

You collected 28 gold pieces.

Inventory:

Hand Weapons
 d - a +0 long sword (weapon)
Armour
 a - a +0 robe (worn)
Scrolls
 e - a scroll of identify {unknown}
 f - a scroll of remove curse {unknown}
 g - a scroll of amnesia {unknown}
Books
 b - a book of Flames

   Spells                             Type                      Level
   a - Flame Tongue                   Conjuration/Fire             1
   b - Throw Flame                    Conjuration/Fire             2
   c - Conjure Flame                  Conjuration/Fire             3
   d - Inner Flame                    Hexes/Fire                   3
   e - Sticky Flame                   Conjuration/Fire             4
   f - Fireball                       Conjuration/Fire             5
Comestibles
 c - 3 rations


   Skills:
 - Level 2.1 Dodging
 - Level 1.7 Stealth
 + Level 2.5 Spellcasting
 * Level 2.1 Conjurations
 * Level 3.8 Fire Magic


You had 6 spell levels left.
You knew the following spells:

 Your Spells              Type           Power        Failure   Level  Hunger
a - Flame Tongue          Conj/Fire      ##...        6%          1    #......


Dungeon Overview and Level Annotations

Branches:
Dungeon (4/15)
 Temple: D:4-7

Altars:
Yredelemnul
The Shining One


Innate Abilities, Weirdness & Mutations

Shadows flee at your approach. (+LOS)
You can swim through water.
You cover ground slowly.
You can hop short distances.


Message History

You feel sick.
Unknown command.
* * * LOW HITPOINT WARNING * * *
You feel sick.
Unknown command.
There is an open door here.
Unknown command.
* * * LOW HITPOINT WARNING * * *
You feel sick.
You close the door.
* * * LOW HITPOINT WARNING * * *
You feel sick.
* * * LOW HITPOINT WARNING * * *
You feel sick.
* * * LOW HITPOINT WARNING * * *
You feel sick.
* * * LOW HITPOINT WARNING * * *
You feel sick.
Found 12 gold pieces.
You die...

..............#.....#
.....$.########.†...#
.......#...[...######
#...s..+<........##
#.....>#.......#..##
...... #...........#
.S... #.......P.P.#
.... #........_..#
#.. #######@P.P.# #.
#.....# # #..####
#.## #.# ..# .$# ...#
..#


There were no monsters in sight!

Vanquished Creatures
  An adder (D:4)
  A leopard gecko (D:2)
  2 giant cockroaches
  A hobgoblin (D:3)
  A jackal (D:3)
  2 bats (D:2)
  A frilled lizard (D:4)
  2 goblins
  2 kobolds (D:2)
  A leopard gecko skeleton (D:4)
  A rat (D:2)
15 creatures vanquished.

Notes
Turn   | Place    | Note
-------+----------+-------------------------------------------
     0 | D:1      | 4thArraOfDagon the Barachi Fire Elementalist began the quest for the Orb.
     0 | D:1      | Reached XP level 1. HP: 13/13 MP: 3/3
   156 | D:2      | Thaneod: ciekawe jak zamierzasz przezyc:)
   167 | D:2      | Reached XP level 2. HP: 7/19 MP: 1/5
   208 | D:2      | Thaneod: nie możesz gnolla fe?
   213 | D:3      | Found a glowing golden altar of the Shining One.
   231 | D:3      | 4thArraOfDagon: w sumie moge ale jest nudny bo skille so ez
   292 | D:4      | Found a basalt altar of Yredelemnul.
   328 | D:4      | Thaneod: i generalnie po statue form to bardziej się opłaca z łąpy niż z czarów:)
   358 | D:4      | Reached XP level 3. HP: 9/24 MP: 1/6
   363 | D:4      | Noticed a scorpion
   378 | D:4      | HP: 1/24 [poisoned by an adder]
   381 | D:4      | Succumbed to an adder's poison

Vault maps used:
D:1:      dpeg_arrival_refuge
D:2:      minitemple, nemelex_xobeh_ov_fountains_minmay
D:3:      tso_metal_star, uniq_robin
D:4:      nicolae_gozag_seed_capital, yredelemnul_altar_generic,
          minmay_temple_entry_butterflies, uniq_eustachio

Skill      XL: |  1  2 |
---------------+-------+-----
Conjurations   | 2 |  2.1
Dodging        | |  2.1
Stealth        | |  1.7
Spellcasting   | |  2.5
Fire Magic     | |  3.8

Action                   || total
-------------------------++-------
Melee: Long sword        ||     1
 Cast: Flame Tongue      ||    28
 Abil: Hop               ||     1
  Use: Potion            ||     1
Armor: Robe              ||     3
Dodge: Dodged            ||    18
       Rpst.: Long sword ||     6

Table legend:
 A = Spawn XP
 B = Non-spawn XP
 C = Spawn XP percentage of total XP
 D = Spawn monster count
 E = Non-spawn monster count
 F = Spawn count percentage of total count
 G = Total turns spent on level
                    A         B        C        D         E        F      G
               +---------+---------+-------+---------+---------+-------+---------
         Total |       0 |      35 |   0.0 |       0 |      15 |   0.0 |   381
               +---------+---------+-------+---------+---------+-------+---------
           D:2 |       0 |      10 |   0.0 |       0 |       7 |   0.0 |   210
           D:3 |       0 |       8 |   0.0 |       0 |       4 |   0.0 |    80
           D:4 |       0 |      17 |   0.0 |       0 |       4 |   0.0 |    89
               +---------+---------+-------+---------+---------+-------+---------
